 Dungeon Crawl Stone Soup version 0.28.0-53-g5a82cb258f (webtiles) character file.

Game seed: 6859244505123564343

968 H0rd4k the Cutter (level 8, 0/58 HPs)
             Began as a Human Artificer on July 4, 2022.
             Was an Initiate of Gozag.
             Slain by a gnoll sergeant
             ... wielding a +4 vorpal trident
              (5 damage)
             ... on level 5 of the Dungeon.
             The game lasted 00:04:17 (6819 turns).

H0rd4k the Cutter (Human Artificer)                 Turns: 6819, Time: 00:04:18

Health: 0/58       AC:  3    Str: 12    XL:     8   Next: 38%
Magic:  0/8        EV: 17    Int: 22    God:    Gozag
Gold:   304        SH:  0    Dex: 13    Spells: 7/7 levels left

rFire   . . .      SeeInvis .   B - +4 mace "Xumu" {freeze, Int+7}
rCold   . . .      Faith    .   (no shield)
rNeg    . . .      Spirit   +   b - +0 leather armour
rPois   .          Reflect  .   (no helmet)
rElec   .          Harm     .   (no cloak)
rCorr   .          Rampage  .   (no gloves)
Will    .....                   (no boots)
Stlth   +.........              i - amulet of guardian spirit
HPRegen 0.19/turn               m - +4 ring of evasion
MPRegen 0.11/turn               (no ring)

@: no status effects
A: no striking features
a: Renounce Religion, Potion Petition, Call Merchant, Bribe Branch


You were on level 5 of the Dungeon.
You worshipped Gozag.
Gozag was aware of your devotion.
You visited 2 branches of the dungeon, and saw 6 of its levels.

You collected 363 gold pieces.
You paid 59 gold pieces to Gozag.

Inventory:

Hand Weapons
 a - a +0 club
 g - a +3 short sword
 p - a +3 dagger of flaming
 v - a +0 short sword of speed
 B - the +4 mace "Xumu" (weapon) {freeze, Int+7}
   (You found it on level 5 of the Dungeon)

   It freezes those it strikes, dealing additional cold damage.
   It can also slow down cold-blooded creatures.
   Int:       It affects your intelligence (+7).
Armour
 b - a +0 leather armour (worn)
Jewellery
 i - an amulet of guardian spirit (around neck)
 m - a +4 ring of evasion (left hand)
 r - a ring of wizardry
 s - an amulet of the acrobat
Wands
 c - a wand of flame (4) (quivered)
 d - a wand of charming (8)
 y - a wand of iceblast (9)
Scrolls
 f - a scroll of fog {unknown}
 n - a scroll of silence {unknown}
 u - a scroll of teleportation {unknown}
 w - a scroll of amnesia {unknown}
 x - a scroll of enchant weapon {unknown}
Potions
 h - a potion of invisibility {unknown}
 j - 3 potions of berserk rage {unknown}
 k - a potion of magic {unknown}
 l - 2 potions of lignification {unknown}
 o - 2 potions of degeneration {unknown}
 q - a potion of might {unknown}
 t - 2 potions of heal wounds {unknown}
 z - a potion of flight {unknown}
 A - 2 potions of mutation {unknown}
Miscellaneous
 e - a piece from Xom's chessboard (15/15)


   Skills:
 + Level 3.2 Fighting
 + Level 5.9 Short Blades
 + Level 1.3 Maces & Flails
 - Level 2.0 Armour
 + Level 4.3 Dodging
 - Level 1.0 Stealth
 + Level 4.6 Evocations


You had 7 spell levels left.
You didn't know any spells.
Your spell library contained the following spells:

 Spells                   Type           Power      Damage    Failure   Level
 Blink                    Tloc           0%         N/A       32%         2
 Corpse Rot               Necr/Air       0%         N/A       32%         2
 Poisonous Vapours        Pois/Air       0%         N/A       32%         2
 Gell's Gravitas          Tloc           0%         N/A       54%         3
 Lesser Beckoning         Tloc           0%         N/A       54%         3
 Teleport Other           Tloc           0%         N/A       54%         3
 Dispel Undead            Necr           0%         3d6       91%         4
 Manifold Assault         Tloc           0%         N/A       99%         5
 Death Channel            Necr           0%         N/A       100%        6


Dungeon Overview and Level Annotations

Branches:
Dungeon (5/15)             Temple (1/1) D:4

Altars:
Ashenzari
Cheibriados
Dithmenos
Elyvilon
Fedhas
Gozag
Hepliaklqana
Kikubaaqudgha
Makhleb
Nemelex Xobeh
Okawaru
Qazlal
Ru
Sif Muna
Trog
Uskayaw
Vehumet
Wu Jian
Xom
Yredelemnul
Zin
The Shining One

Annotations:
D:5 1 runed translucent door, exclusion: door, Crazy Yiuf


Message History

You see here a +0 mace.
Press: ? - help, v - describe, . - travel A runed translucent door.
Placed new exclusion.
Reduced exclusion size to a single square.
Crazy Yiuf shouts!
You see here a +0 mace.
Found a glowing mace and two maces.
You see here the +4 mace "Xumu" {freeze, Int+7}.
B - the +4 mace "Xumu" {freeze, Int+7} Your +3 dagger of flaming stops flaming.
You feel clever.
The +4 mace "Xumu" {freeze, Int+7} glows with a cold blue light!
B - the +4 mace "Xumu" (weapon)
{freeze, Int+7} Crazy Yiuf says, "Goober ena hand!"
You see here a +0 mace.
You see here a +0 mace.
You see here a +0 mace.
You see here a +0 mace.
You see here a +0 mace.
You see here a +0 hand axe.
Things that are here:
a +0 robe; a +0 dagger You see here a +0 club.
The gnoll sergeant barely misses you.
A gnoll sergeant is nearby!
A gnoll sergeant is nearby!
The gnoll sergeant hits you with a +4 vorpal trident!!
Items here: $ ))).
You hit the gnoll sergeant but do no damage.
The gnoll sergeant hits you with a +4 vorpal trident.
The gnoll sergeant closely misses you.
You barely miss the gnoll sergeant.
The gnoll sergeant hits you with a +4 vorpal trident!
You hit the gnoll sergeant. You freeze the gnoll sergeant.
The gnoll sergeant is moderately wounded.
The gnoll sergeant hits you with a +4 vorpal trident!!
* * * LOW HITPOINT WARNING * * *
You die...
Your body crumbles into a pile of gold.

#...# #.#...).
######...#####.#...#.
##.........>....#...#.
...............)....#.
#.............[#.#.#.
######...#####.......
#..)....# ###.....
#.#...#.# ###.##
###@#...#.# #.##
#...g...#.# #.##
#.#.#####.# #.##
#.#.#####.# #.##
#.#.......# #...
.g######### #### #g #
#. # .. #


You could see a gnoll sergeant.

Vanquished Creatures
  A black bear (D:4)
  A necrophage (D:5)
  An ogre (D:5)
  Blork the orc (D:4)
  2 scorpions (D:5)
  2 hounds
  A jelly (D:4)
  3 orc priests
  A bullfrog skeleton (D:5)
  Terence (D:3)
  An iguana (D:4)
  An orc wizard (D:5)
  5 gnolls
  2 adders
  An adder skeleton (D:5)
  2 worms (D:3)
  A dart slug (D:2)
  8 orcs
  7 bats
  An endoplasm (D:4)
  3 giant cockroaches
  6 goblins
  6 hobgoblins
  3 jackals (D:4)
  A quokka (D:3)
  4 ball pythons
  4 frilled lizards
  11 kobolds
  3 rats (D:1)
84 creatures vanquished.

Vanquished Creatures (collateral kills)
  An orc priest (D:4)
  6 gnolls (D:5)
  An orc (D:4)
8 creatures vanquished.

Vanquished Creatures (others)
  An orc priest (D:4)
  2 gnolls (D:2)
  An orc (D:2)
4 creatures vanquished.

Grand Total: 96 creatures vanquished

Notes
Turn   | Place    | Note
-------+----------+-------------------------------------------
     0 | D:1      | H0rd4k the Human Artificer began the quest for the Orb.
     0 | D:1      | Reached XP level 1. HP: 15/15 MP: 1/1
   409 | D:1      | Reached XP level 2. HP: 16/21 MP: 2/2
  1034 | D:1      | Reached XP level 3. HP: 21/26 MP: 3/3
  1356 | D:2      | Reached XP level 4. HP: 19/32 MP: 2/4
  1372 | D:2      | Reached skill level 1 in Short Blades
  1574 | D:2      | Reached skill level 1 in Maces & Flails
  2212 | D:2      | Found a faded altar of an unknown god.
  2604 | D:3      | Reached XP level 5. HP: 27/37 MP: 3/5
  2865 | D:3      | Found a broken altar of Ashenzari.
  2875 | D:3      | Found an iron altar of Okawaru.
  2997 | D:3      | Reached skill level 2 in Short Blades
  3186 | D:3      | Noticed Terence
  3193 | D:3      | Killed Terence
  3835 | D:4      | Reached XP level 6. HP: 40/44 MP: 4/6
  4197 | D:4      | Noticed a black bear
  4210 | D:4      | Killed a black bear
  4211 | D:4      | Reached skill level 3 in Short Blades
  4412 | D:4      | Reached XP level 7. HP: 39/50 MP: 4/7
  4427 | D:4      | Reached skill level 4 in Short Blades
  4735 | D:4      | Found a staircase to the Ecumenical Temple.
  4735 | D:4      | Noticed Blork the orc
  4747 | D:4      | Killed Blork the orc
  4886 | Temple   | Entered the Ecumenical Temple
  5204 | Temple   | Became a worshipper of Gozag Ym Sagoz the Greedy
  5626 | D:5      | Entered Level 5 of the Dungeon
  5708 | D:5      | Reached skill level 5 in Short Blades
  5834 | D:5      | Reached XP level 8. HP: 44/57 MP: 4/8
  6766 | D:5      | Found a runed translucent door.
  6767 | D:5      | Noticed Crazy Yiuf
  6769 | D:5      | Identified the +4 mace "Xumu" {freeze, Int+7}
  6819 | D:5      | Slain by a gnoll sergeant

Illustrated notes

Levels and vault maps discovered:
D:1:      dpeg_arrival_rhombus, layout_loops_ring, columned_hall_lemuel
D:2:      layout_loops_ring, shapermc_ecumenical_altar_starsandcircs
D:3:      layout_loops_ring, mainiacjoe_overflow_catwalk_spiral, uniq_terence
D:4:      layout_loops_ring, minmay_temple_entry_tees, kennysheep_nub,
          uniq_blork_the_orc
D:5:      layout_loops_cross, uniq_crazy_yiuf_cottage
Temple:   mainiacjoe_temple_cubbyholes

Skill      XL: |  1  2  3  4  5  6  7  8 |
---------------+-------------------------+-----
Dodging        | 2 3 4 |  4.3
Short Blades   | 1 2 3 5 |  5.9
Maces & Flails | 1 |  1.3
Evocations     | 4 |  4.6
Fighting       | 2 3 |  3.2
Armour         | |  2.0
Stealth        | |  1.0

Action                   |  1- 3 |  4- 6 |  7- 9 || total
-------------------------+-------+-------+-------++-------
Melee: Club              |    47 |       |       ||    47
       Short sword       |    37 |    40 |       ||    77
       Dagger            |       |   105 |    93 ||   198
       Mace              |       |       |     3 ||     3
Evoke: Wand              |     2 |     5 |    11 ||    18
 Stab: Sleeping          |     1 |     2 |     1 ||     4
       Distracted        |       |       |     1 ||     1
Armor: Leather armour    |    46 |    22 |     5 ||    73
Dodge: Dodged            |    73 |   101 |    55 ||   229
